 Dungeon Crawl Stone Soup version 0.29-a0-330-g52719c12eb (webtiles) character file.

Game seed: 12817859211169409306

40 kae the Firebug (level 3, -1/27 HPs)
             Began as a Demigod Fire Elementalist on May 31, 2022.
             Slain by a jackal (3 damage)
             ... on level 2 of the Dungeon.
             The game lasted 00:00:45 (1542 turns).

kae the Firebug (Demigod Fire Elementalist)         Turns: 1542, Time: 00:00:46

Health: -1/27      AC:  3    Str:  9    XL:     3   Next: 14%
Magic:  3/8        EV: 12    Int: 19    God:
Gold:   72         SH:  0    Dex: 14    Spells: 3/6 levels left

rFire   . . .      SeeInvis .   (no weapon)
rCold   . . .      Faith    .   (no shield)
rNeg    . . .      Spirit   .   a - +0 robe
rPois   .          Reflect  .   (no helmet)
rElec   .          Harm     .   (no cloak)
rCorr   .          Rampage  .   (no gloves)
Will    .....                   (no boots)
Stlth   ++........              (no amulet)
HPRegen 0.09/turn               (no ring)
MPRegen 0.11/turn               (no ring)

@: mighty
A: high MP 1, forlorn, divine attributes, iridescent scales 1, deformed body,
dopey 1
a: no special abilities


You were on level 2 of the Dungeon.
You visited 1 branch of the dungeon, and saw 2 of its levels.

You collected 72 gold pieces.

Inventory:

Armour
 a - a +0 robe (worn)
 k - a scarf of shadows
Scrolls
 c - 2 scrolls of identify {unknown}
 d - a scroll of fog
 e - a scroll of magic mapping {unknown}
 i - a scroll of enchant weapon {unknown}
 j - a scroll of noise {unknown}
 m - a scroll of immolation {unknown}
 n - 3 scrolls of brand weapon {unknown}
 o - a scroll of enchant armour {unknown}
 p - a scroll of silence {unknown}
Potions
 b - a potion of magic


   Skills:
 + Level 0.8 Fighting
 + Level 2.0 Dodging
 - Level 1.7 Stealth
 + Level 2.0 Spellcasting
 * Level 1.7 Conjurations
 * Level 3.0 Fire Magic


You had 3 spell levels left.
You knew the following spells:

 Your Spells              Type           Power      Damage    Failure   Level
a - Foxfire               Conj/Fire      44%        2x1d6     6%          1
b - Scorch                Fire           26%        2d6       7%          2

Your spell library contained the following spells:

 Spells                   Type           Power      Damage    Failure   Level
 Conjure Flame            Conj/Fire      11%        6-21      19%         3
 Inner Flame              Hex/Fire       7%         N/A       26%         3
 Flame Wave               Conj/Fire      11%        2d5       52%         4


Dungeon Overview and Level Annotations

Branches:
Dungeon (2/15)


Innate Abilities, Weirdness & Mutations

You have an increased reservoir of magic. (+10% MP)
You shall have no god before yourself.
Your divine heritage dramatically boosts your attributes as you level up.
You are partially covered in iridescent scales. (AC +2)
Armour fits poorly on your strangely shaped body.
You are dopey. (Int -2)


Message History

You feel clever. x4
It was a potion of mutation.
You feel extremely strange.
Your body twists and deforms.
You feel stupid.
Iridescent scales grow over part of your body.
You feel sick. The jackal bites you.
* * * LOW HITPOINT WARNING * * *
The jackal closely misses you. The jackal barely misses you. x3
It was a potion of flight.
You feel very buoyant.
You fly up into the air.
You feel sick. The jackal misses you.
The jackal bites you but does no damage.
The jackal closely misses you.
It was a potion of cancellation.
Your magical effects are unravelling.
You feel magically purged.
You float gracefully downwards.
You feel sick. The jackal closely misses you. The jackal completely misses you.
The jackal barely misses you.
It was a potion of might.
You feel very mighty all of a sudden.
You feel sick. The jackal bites you.
* * * LOW HITPOINT WARNING * * *
The jackal closely misses you.
The jackal bites you but does no damage.
The jackal bites you.
* * * LOW HITPOINT WARNING * * *
The jackal barely misses you. The jackal closely misses you.
The jackal attacks as you move away! The jackal closely misses you.
* * * LOW HITPOINT WARNING * * *
You feel sick.
You are no longer poisoned.
The jackal closely misses you.
Okay, then.
The jackal attacks as you move away! The jackal closely misses you.
The jackal attacks as you move away!
The jackal bites you but does no damage.
The jackal barely misses you.
As you read the scroll labelled ZESADO NUHOASE, it crumbles to dust.
The scroll dissolves into smoke.
It was a scroll of fog.
The jackal closely misses you. The jackal bites you.
You die...

....).....###..#####.
#.........##..#.....#
..........##§.≈.....≈
#.........#.#≈.≈...≈.
#..........#..≈.≈.≈.≈
##♣.♣.♣.♣....#...≈.≈.≈.
#...h..§.....#..†≈≈.≈≈.
#.♣.♣h♣h♣....#...≈≈_≈§.
#....h@§§....#..≈.≈≈≈.§
###.§§§§§.....#≈≈≈≈.≈§≈
##[§§§...#...#..§.§..
##.....###...#)≈.≈.#
####### ##...##.##.
##.......# ##....###
######


You could see 4 jackals.

Vanquished Creatures
  An adder (D:2)
  3 bats (D:1)
  4 endoplasms
  3 goblins
  2 hobgoblins
  2 jackals (D:1)
  5 ball pythons
  2 frilled lizards (D:1)
  3 kobolds
  3 rats
28 creatures vanquished.

Vanquished Creatures (others)
  105 foxfires
  A plant (D:2)
106 creatures vanquished.

Grand Total: 134 creatures vanquished

Notes
Turn   | Place    | Note
-------+----------+-------------------------------------------
     0 | D:1      | kae the Demigod Fire Elementalist began the quest for the
                  | Orb.
     0 | D:1      | Reached XP level 1. HP: 14/14 MP: 5/5
   158 | D:1      | Reached skill level 1 in Conjurations
   411 | D:1      | Reached XP level 2. HP: 16/20 MP: 0/7
   556 | D:1      | Learned a level 2 spell: Scorch
  1277 | D:2      | Reached skill level 3 in Fire Magic
  1536 | D:2      | Reached XP level 3. HP: 9/27 MP: 3/8
  1536 | D:2      | Gained mutation: Armour fits poorly on your strangely
                  | shaped body. [potion of mutation]
  1536 | D:2      | Gained mutation: You are dopey. (Int -2) [potion of
                  | mutation]
  1536 | D:2      | Gained mutation: You are partially covered in iridescent
                  | scales. (AC +2) [potion of mutation]
  1540 | D:2      | HP: 1/27 [poisoned by an adder]
  1542 | D:2      | Slain by a jackal

Illustrated notes

Levels and vault maps discovered:
D:1:      dpeg_arrival_brainrot, layout_basic, serial_corexii_hall,
          chequers_hall_statues_y, corexii_hall_statues_l
D:2:      layout_rooms, serial_forest, infiniplex_forest_clump_C,
          infiniplex_forest_zigzag_2, infiniplex_forest_straight_2,
          infiniplex_forest_lined_4_way, infiniplex_forest_lined_2,
          infiniplex_forest_straight_4, infiniplex_forest_end_2,
          shapermc_ecumenical_altar_starsandcircs, basic_altar,
          minmay_misc_feat_rows

Skill      XL: |  1  2 |
---------------+-------+-----
Conjurations   | 1 |  1.7
Fire Magic     | 3 |  3.0
Dodging        | 2 |  2.0
Spellcasting   | 2 |  2.0
Fighting       | |  0.8
Stealth        | |  1.7

Action                   || total
-------------------------++-------
Melee: Unarmed           ||     6
 Cast: Foxfire           ||    61
  Use: Potion            ||     4
       Scroll            ||     1
Armor: Robe              ||     7
Dodge: Dodged            ||    40

Table legend: (Time is in decaauts)
 A = Elapsed time spent in this place.
 B = Non-inter-level travel time spent in this place.
 C = Inter-level travel time spent in this place.
 D = Time resting spent in this place.
 E = Time spent auto-exploring this place.
 F = Levels seen in this place.
 G = Mean time per level.
                   A        B        C        D        E       F      G
               +--------+--------+--------+--------+--------+-----+--------+
         Total |   1541 |   1507 |     34 |      0 |   1281 |   2 |  770.5 |
       Dungeon |   1541 |   1507 |     34 |      0 |   1281 |   2 |  770.5 |
               +--------+--------+--------+--------+--------+-----+--------+

Top non-repeatable levels by time:
     D:1: 1211 daAuts
     D:2: 330 daAuts
